 Dungeon Crawl Stone Soup version 0.20-a0-1062-g7b787ac (webtiles) character file.

425 Gorglomux the Cleaver (level 6, -3/51 HPs)
             Began as a Hill Orc Monk on Apr 27, 2017.
             Slain by a gnoll
             ... wielding a +0 halberd
              (8 damage)
             ... on level 4 of the Dungeon.
             The game lasted 00:07:08 (3067 turns).

Gorglomux the Cleaver (Hill Orc Monk)               Turns: 3067, Time: 00:07:09

Health: -3/51      AC:  5    Str: 15    XL:     6   Next: 96%
Magic:  6/6        EV: 11    Int: 10    God:
Gold:   114        SH:  0    Dex: 14    Spells: 5/5 levels left

rFire    . . .     SeeInvis .   a - +0 hand axe
rCold    . . .     Gourm    .   (no shield)
rNeg     . . .     Faith    .   j - +0 ring mail
rPois    .         Spirit   .   (no helmet)
rElec    .         Reflect  .   (no cloak)
rCorr    .         Harm     .   (no gloves)
MR       .....                  (no boots)
Stlth    +.........             (no amulet)
Regen    0.2/turn               (no ring)
MPRegen  0.1/turn               (no ring)

@: no status effects
A: no striking features
a: no special abilities


You were on level 4 of the Dungeon.
You were not hungry.

You visited 1 branch of the dungeon, and saw 6 of its levels.

You collected 114 gold pieces.

Inventory:

Hand Weapons
 a - a +0 hand axe (weapon)
 t - a +0 blowgun
   (You took it off a kobold on level 3 of the Dungeon)
Missiles
 u - 12 poisoned needles
 y - a throwing net {=f, !d}
Armour
 b - a +0 robe
 j - a +0 ring mail (worn)
   (You found it on level 1 of the Dungeon)
Scrolls
 d - 3 scrolls of teleportation {unknown}
 f - a scroll of enchant weapon {unknown}
 g - a scroll of immolation {unknown}
 i - 4 scrolls of identify {unknown}
 k - 2 scrolls of amnesia {unknown}
 l - 2 scrolls of remove curse {unknown}
 q - a scroll of random uselessness {unknown}
 v - a scroll of fog {unknown}
 x - a scroll of enchant armour {unknown}
 C - a scroll of magic mapping {unknown}
Potions
 e - a potion of degeneration {unknown}
 p - a potion of mutation {unknown}
 r - a potion of agility
 s - a potion of might {unknown}
 w - a potion of curing
 z - a potion of ambrosia
 A - a potion of flight {unknown}
 B - a potion of cancellation {unknown}
Comestibles
 c - 7 bread rations {@e1@e1}
 h - 2 fruits
 m - 2 meat rations {@e2@e2}
 n - 3 royal jellies
 o - a chunk of flesh {@w0@w0}


   Skills:
 - Level 3.6 Fighting
 + Level 9.9 Axes
 - Level 2.4 Dodging
 - Level 1.5 Stealth


You had 5 spell levels left.
You didn't know any spells.

Dungeon Overview and Level Annotations

Branches:
Dungeon (6/15)
 Temple: D:4-7

Altars:
Fedhas
Gozag
Sif Muna
Xom

Annotations:
D:4 exclusion: door


Message History

The gnoll shaman barely misses you.
The gnoll shaman mumbles some strange prayers to its god against you.
You are outlined in light.
The gnoll shaman calls upon its god to speed up the gnoll.
The gnoll seems to speed up.
There is a shimmering altar of Xom here.
The gnoll shaman mumbles some strange prayers to its god.
The gnoll shaman is healed somewhat.
The gnoll hits you with a club.
You take 1 damage, and have 28/51 hp.
You hit the gnoll but do no damage. The gnoll hits you with a club.
You take 3 damage, and have 25/51 hp.
You barely miss the gnoll. The gnoll hits you with a club.
The gnoll barely misses you.
You take 4 damage, and have 21/51 hp.
You hit the gnoll. The gnoll barely misses you.
You hit the gnoll. The gnoll hits you but does no damage.
You slash the gnoll!
You kill the gnoll!
The gnoll shaman hits you but does no damage.
Things that are here:
a club; a gnoll corpse
Okay, then.
You hit the gnoll shaman. The gnoll shaman hits you with a whip.
You take 1 damage, and have 21/51 hp.
You slash the gnoll shaman!
You kill the gnoll shaman!
You hit the gnoll. The gnoll barely misses you.
You are no longer glowing.
You hit the gnoll. The gnoll barely misses you.
You closely miss the gnoll. You slash the gnoll! You hit the scorpion.
The gnoll hits you but does no damage. The scorpion stings you.
You are poisoned.
The scorpion poisons you!
You take 4 damage, and have 21/51 hp.
You feel sick.
Unknown command.
You feel sick.
You take 1 damage, and have 20/51 hp.
You feel sick.
You take 1 damage, and have 19/51 hp.
You feel sick.
You take 1 damage, and have 18/51 hp.
You feel sick.
You feel sick.
You take 1 damage, and have 17/51 hp.
You feel sick.
You take 1 damage, and have 16/51 hp.
The gnoll hits you with a whip.
* * * LOW HITPOINT WARNING * * *
You take 3 damage, and have 13/51 hp.
You feel sick.
You hit the gnoll.
You kill the gnoll!
Unknown command.
You feel sick.
You take 1 damage, and have 12/51 hp.
The gnoll misses you.
You feel sick.
You feel sick.
You take 1 damage, and have 11/51 hp.
Things that are here:
a whip; a gnoll corpse You feel sick.
You take 1 damage, and have 11/51 hp.
You feel sick.
You are no longer poisoned.
Things that are here:
a whip; a gnoll corpse The gnoll hits you from afar with a halberd.
* * * LOW HITPOINT WARNING * * *
You take 4 damage, and have 9/51 hp.
Things that are here:
a whip; a gnoll corpse
Things that are here:
a whip; a gnoll corpse
Things that are here:
a whip; a gnoll corpse An adder comes into view.
The adder hisses angrily.
The gnoll hits you from afar with a halberd.
* * * LOW HITPOINT WARNING * * *
You take 4 damage, and have 11/51 hp.
The gnoll hits you with a halberd!
* * * LOW HITPOINT WARNING * * *
You take 7 damage, and have 4/51 hp.
The gnoll closely misses you. The adder misses you.
You barely miss the gnoll. You hit the adder.
The adder bites you but does no damage.
You closely miss the gnoll. You hit the adder. The gnoll barely misses you.
The adder closely misses you.
You hit the gnoll but do no damage. You barely miss the adder.
The gnoll closely misses you. The adder closely misses you.
You hit the gnoll. You barely miss the adder. The adder barely misses you.
You hit the gnoll. You hit the adder.
You kill the adder!
The gnoll misses you. The gnoll hits you with a halberd!
You die...

#######################
#.....@.s..............
####.....#g####..........#
.........#.####...(......#
.......>....)g.s.........#
....###.##.###.........###
.#+# #.##.###.........###
#...................
#......##...........
.........######+#...##


You could see a scorpion and a gnoll.

Vanquished Creatures
  A centaur zombie (D:5)
  A gnoll shaman (D:4)
  An orc priest (D:6)
  2 orc wizards
  A worker ant (D:6)
  Natasha (thrice) (D:3)
  6 gnolls
  3 adders
  A shadow imp (D:5)
  An ooze (D:4)
  A worm (D:2)
  3 dart slugs
  A leopard gecko (D:4)
  8 orcs
  4 ball pythons
  2 giant cockroaches
  2 goblins
  4 hobgoblins
  3 jackals
  A quokka (D:3)
  10 bats
  6 frilled lizards
  7 kobolds
  7 rats
79 creatures vanquished.

Notes
Turn   | Place    | Note
-------+----------+-------------------------------------------
     0 | D:1      | Gorglomux the Hill Orc Monk began the quest for the Orb.
     0 | D:1      | Reached XP level 1. HP: 19/19 MP: 1/1
   245 | D:1      | Reached XP level 2. HP: 25/26 MP: 2/2
   378 | D:1      | Reached skill level 5 in Axes
   793 | D:2      | Reached XP level 3. HP: 28/31 MP: 3/3
   956 | D:2      | Found an opulent altar of Gozag.
   963 | D:2      | Found a blossoming altar of Fedhas.
  1032 | D:3      | Reached skill level 6 in Axes
  1088 | D:3      | Noticed Natasha
  1102 | D:3      | Killed Natasha
  1102 | D:3      | Reached XP level 4. HP: 37/39 MP: 4/4
  1406 | D:3      | Noticed Natasha
  1418 | D:3      | Killed Natasha
  1418 | D:3      | Reached skill level 7 in Axes
  1431 | D:3      | Noticed Natasha
  1439 | D:3      | HP: 9/39 [Natasha/magic dart (3)]
  1441 | D:3      | Killed Natasha
  1441 | D:3      | Reached XP level 5. HP: 7/45 MP: 5/5
  1665 | D:3      | You fall through a shaft for 3 floors!
  1689 | D:6      | Reached skill level 8 in Axes
  1793 | D:5      | Entered Level 5 of the Dungeon
  1807 | D:6      | Reached XP level 6. HP: 20/51 MP: 6/6
  1816 | D:6      | HP: 4/51 [something/puff of flame (10)]
  1818 | D:6      | HP: 1/51 [poisoned by a worker ant]
  1822 | D:6      | Noticed an orc warrior
  2137 | D:5      | Reached skill level 9 in Axes
  2524 | D:5      | HP: 7/51 [ogre/giant spiked club (20)]
  2833 | D:4      | Found a deep blue altar of Sif Muna.
  2882 | D:4      | Found a shimmering altar of Xom.
  2993 | D:4      | HP: 12/51 [poisoned by a scorpion]
  3001 | D:4      | HP: 11/51 [poisoned by a scorpion]
  3009 | D:4      | HP: 11/51 [poisoned by a scorpion]
  3026 | D:4      | HP: 9/51 [gnoll/halberd (4)]
  3059 | D:4      | HP: 11/51 [gnoll/halberd (4)]
  3060 | D:4      | HP: 4/51 [gnoll/halberd (7)]
  3067 | D:4      | Slain by a gnoll

Vault maps used:
D:1:      dpeg_arrival_tiny_f
D:2:      gammafunk_temple_overflow_elements,
          yredelemnul_forgotten_temple_becter, nicolae_overflow_hidden_temple,
          lemuel_doored_altar, minmay_pentomino_p4
D:3:      gammafunk_temple_overflow_wave, uniq_natasha
D:4:      kennysheep_slug_shrine, led_sif_book, nicolae_overflow_crystal_walls,
          minmay_temple_entry_glassed_door, kennysheep_generic_room_4
D:5:      ashenzari_altar_1, zin_angel, first_bread, uniq_grinder
D:6:      kennysheep_mini

Skill      XL: |  1  2  3  4  5  6 |
---------------+-------------------+-----
Axes           | 5 6 7 8 9 |  9.9
Fighting       | |  3.6
Dodging        | |  2.4
Stealth        | |  1.5

Action                   |  1- 3 |  4- 6 || total
-------------------------+-------+-------++-------
Melee: Hand axe          |    97 |   188 ||   285
 Fire: Blowgun           |     2 |    29 ||    31
  Use: Potion            |       |     3 ||     3
 Stab: Sleeping          |     2 |       ||     2
  Eat: Chunk             |     1 |     6 ||     7
Armor: Robe              |     7 |       ||     7
       Ring mail         |    39 |    53 ||    92
Dodge: Dodged            |    68 |   100 ||   168

Vault maps used:
D:1:      dpeg_arrival_tiny_f
D:2:      gammafunk_temple_overflow_elements,
          yredelemnul_forgotten_temple_becter, nicolae_overflow_hidden_temple,
          lemuel_doored_altar, minmay_pentomino_p4
D:3:      gammafunk_temple_overflow_wave, uniq_natasha
D:4:      kennysheep_slug_shrine, led_sif_book, nicolae_overflow_crystal_walls,
          minmay_temple_entry_glassed_door, kennysheep_generic_room_4
D:5:      ashenzari_altar_1, zin_angel, first_bread, uniq_grinder
D:6:      kennysheep_mini

Table legend:
 A = Turns spent in this place as a percentage of turns spent in the entire game.
 B = Non-inter-level travel turns spent in this place as a percentage of non-inter-level travel turns spent in the entire game.
 C = Inter-level travel turns spent in this place as a percentage of turns spent in this place.
 D = Turns resting spent in this place as a percentage of non-inter-level travel turns spent in this place.
 E = Turns spent auto-exploring this place as a percentage of non-inter-level travel turns spent in this place.
 F = Non-inter-level travel turns spent in this place divided by the number of levels of this place that you've seen.
                   A       B       C       D       E      F
               +-------+-------+-------+-------+-------+----------------------
         Total | 100.0 | 100.0 |   0.2 |   2.5 |   7.6 | 187.3
       Dungeon | 100.0 | 100.0 |   0.2 |   2.5 |   7.6 | 187.3
               +-------+-------+-------+-------+-------+----------------------

Table legend:
 A = Kills in this place as a percentage of kills in entire the game.
 B = Kills by you in this place as a percentage of kills by you in the entire game.
 C = Kills by friends in this place as a percentage of kills by friends in the entire game.
 D = Other kills in this place as a percentage of other kills in the entire game.
 E = Experience gained in this place as a percentage of experience gained in the entire game.
 F = Experience gained in this place divided by the number of levels of this place that you have seen.
                   A       B       C       D       E      F
               +-------+-------+-------+-------+-------+----------------------
         Total | 100.0 | 100.0 |  -nan |  -nan | 100.0 | 101.3
       Dungeon | 100.0 | 100.0 |  -nan |  -nan | 100.0 | 101.3
               +-------+-------+-------+-------+-------+----------------------
